 Dungeon Sprint DCSS version 0.26-a0-720-g2a1d101370 (webtiles) character file.

Game seed: 2296948390048042461

18079 mhtbhm the Fencer (level 12, -19/125 HPs)
             Began as a Minotaur Fighter on Nov 3, 2020.
             Was an Initiate of Gozag.
             Demolished by a vampire knight
             ... wielding a +0 war axe
              (20 damage)
             ... in the Dungeon (Sprint IX: "|||||||||||||||||||||||||||||").
             The game lasted 00:05:05 (4012 turns).

mhtbhm the Fencer (Minotaur Fighter)                Turns: 4012, Time: 00:05:06

Health: -19/125    AC: 12    Str: 23    XL:     12   Next: 24%
Magic:  11/11      EV: 16    Int:  7    God:    Gozag
Gold:   7651       SH: 22    Dex: 11    Spells: 11/11 levels left

rFire    . . .     SeeInvis +   a - +2 scimitar (holy)
rCold    . . .     Faith    .   c - +1 tower shield
rNeg     . . .     Spirit   .   b - +2 scale mail {rPois}
rPois    +         Reflect  .   (helmet restricted)
rElec    .         Harm     .   o - +0 cloak
rCorr    .         Rampage  .   (no gloves)
MR       +....     NoTele   +   (no boots)
Stlth    ++........             (no amulet)
HPRegen  0.30/turn              p - +2 ring of evasion
MPRegen  0.12/turn              z - ring of protection from magic

@: no status effects
A: retaliatory headbutt, horns 2, see invisible, clever 1, weak 1
a: Potion Petition, Call Merchant, Bribe Branch, Renounce Religion


You were in the Dungeon.
You worshipped Gozag.
Gozag was greatly pleased with you.
You visited 1 branch You collected 8664 gold pieces.
You spent 1013 gold pieces at shops.

Inventory:

Hand Weapons
 a - a +2 scimitar of holy wrath (weapon)
Missiles
 i - 5 curare-tipped darts (quivered)
Armour
 b - a +2 scale mail of poison resistance (worn)
 c - a +1 tower shield (worn)
 o - a +0 cloak (worn)
Jewellery
 p - a +2 ring of evasion (left hand)
 z - a ring of protection from magic (right hand)
Wands
 n - a wand of acid (13)
Scrolls
 j - 4 scrolls of blinking
 l - 4 scrolls of remove curse
 m - 2 scrolls of amnesia
 s - 2 scrolls of fear
 t - 2 scrolls of enchant armour
 u - a scroll of fog
 v - a scroll of identify
 w - 3 scrolls of enchant weapon
Potions
 d - 2 potions of might
 e - 7 potions of curing
 f - 3 potions of heal wounds
 g - 3 potions of haste
 h - 4 potions of magic
 k - a potion of invisibility
 q - a potion of brilliance
 r - 4 potions of stabbing
Miscellaneous
 x - a tin of tremorstones (3/3)


   Skills:
 + Level 17.2 Fighting
 + Level 19.0 Long Blades
 + Level 11.8 Armour
 + Level 11.4 Dodging
 + Level 7.4 Stealth
 + Level 17.4 Shields
 + Level 3.3 Evocations


You had 11 spell levels left.
You didn't know any spells.
Your spell library was empty.

Dungeon Overview and Level Annotations

Branches:
Dungeon (1/1)

Altars:
Cheibriados
Dithmenos
Elyvilon
Fedhas
Gozag
Hepliaklqana
Kikubaaqudgha
Makhleb
Nemelex Xobeh
Okawaru
Qazlal
Ru
Sif Muna
Trog
Uskayaw
Vehumet
Wu Jian
Xom
Yredelemnul
Zin
The Shining One
Beogh
Jiyva
Lugonu

Shops:
D }*[[


Innate Abilities, Weirdness & Mutations

You reflexively headbutt those who attack you in melee.
You have a pair of horns on your head.
You have supernaturally acute eyesight. (SInv)
Your mind is acute. (Int +2)
You are weak. (Str -2)


Message History

The vampire knight hits you with a +0 war axe!
* * * LOW HITPOINT WARNING * * *
The vampire knight bites you.
* * * LOW HITPOINT WARNING * * *
The vampire knight draws strength from your injuries!
The vampire knight hits you with a +0 war axe!!
* * * LOW HITPOINT WARNING * * *
The vampire knight bites you.
* * * LOW HITPOINT WARNING * * *
The vampire knight draws strength from your injuries!
You can move again.
You hit the vampire knight but do no damage.
You headbutt the vampire knight, but do no damage.
The vampire knight is moderately damaged.
Unknown command.
You slash the vampire knight!
The vampire knight convulses.
The vampire knight is heavily damaged.
The vampire knight hits you with a +0 war axe!!
You die...
Your body crumbles into a pile of gold.

▓▓▓▓▓▓▓▓▓▓▓▓▓▓▓▓▓▓▓▓
))))..==.'Z....V@..▓
▓▓▓▓▓▓▓▓▓▓▓▓▓▓▓▓▓▓.▓
...................▓
▓▓▓▓▓▓▓▓▓▓▓▓▓▓▓▓▓▓▓▓
)))))'.............▓
▓▓▓▓▓▓▓▓▓▓▓▓▓▓▓▓▓▓.▓
.....).............▓
▓▓▓▓▓▓▓▓▓▓▓▓▓▓▓▓▓▓▓▓
...)[......'.......▓


You could see a vampire knight (invisible) and a giant cockroach simulacrum.

Vanquished Creatures
  A fire dragon (D)
  A boulder beetle (D)
  Erica (D)
  A two-headed ogre (D)
  A tengu warrior (D)
  9 orc high priests (D)
  Sonja (D)
  2 cyclopes (D)
  4 orc knights (D)
  An orc sorcerer (D)
  3 cane toads (D)
  2 rime drakes (D)
  A komodo dragon (D)
  2 tyrant leeches (D)
  A polar bear (D)
  3 blink frogs (D)
  Eustachio (D)
  A shadow (D)
  Grum (D)
  4 yaks (D)
  A vampire mosquito (D)
  A soldier ant (D)
  6 water moccasins (D)
  9 orc warriors (D)
  An ice beast (D)
  2 wolves (D)
  3 bullfrogs (D)
  A wight (D)
  5 orc priests (D)
  2 orc wizards (D)
  A gnoll (D)
  2 adders (D)
  2 ufetubi (D)
  An adder skeleton (D)
  An adder zombie (D)
  10 orcs (D)
  A bat (D)
  A bat skeleton (D)
  2 giant cockroaches (D)
  A frilled lizard (D)
  A jackal skeleton (D)
  2 kobolds (D)
97 creatures vanquished.

Vanquished Creatures (others)
  A sky beast (D)
1 creature vanquished.

Grand Total: 98 creatures vanquished

Notes
Turn   | Place    | Note
-------+----------+-------------------------------------------
     0 | D        | mhtbhm the Minotaur Fighter began the quest for the Orb.
     0 | D        | Reached XP level 1. HP: 19/19 MP: 0/0
    34 | D        | Noticed a water moccasin
    36 | D        | Reached XP level 2. HP: 28/28 MP: 1/1
    39 | D        | Reached skill level 3 in Long Blades
    44 | D        | Reached skill level 5 in Shields
    51 | D        | Killed a water moccasin
    51 | D        | Reached skill level 4 in Long Blades
    51 | D        | Reached XP level 3. HP: 31/38 MP: 2/2
    51 | D        | Reached XP level 4. HP: 37/45 MP: 3/3
   106 | D        | Found a roughly hewn altar of Beogh.
   106 | D        | Found a snail-covered altar of Cheibriados.
   106 | D        | Found a shadowy altar of Dithmenos.
   106 | D        | Found a white marble altar of Elyvilon.
   106 | D        | Found a blossoming altar of Fedhas.
   106 | D        | Found an opulent altar of Gozag.
   107 | D        | Found a hazy altar of Hepliaklqana.
   108 | D        | Found a viscous altar of Jiyva.
   109 | D        | Found an ancient bone altar of Kikubaaqudgha.
   110 | D        | Found a corrupted altar of Lugonu.
   111 | D        | Found a burning altar of Makhleb.
   112 | D        | Found a sparkling altar of Nemelex Xobeh.
   113 | D        | Found an iron altar of Okawaru.
   114 | D        | Found a stormy altar of Qazlal.
   115 | D        | Found a sacrificial altar of Ru.
   116 | D        | Found a shimmering blue altar of Sif Muna.
   117 | D        | Found a bloodstained altar of Trog.
   118 | D        | Found a hide-covered altar of Uskayaw.
   119 | D        | Found a radiant altar of Vehumet.
   120 | D        | Found an ornate altar of the Wu Jian Council.
   121 | D        | Found a shimmering altar of Xom.
   122 | D        | Found a basalt altar of Yredelemnul.
   123 | D        | Found a glowing silver altar of Zin.
   124 | D        | Found a glowing golden altar of the Shining One.
   150 | D        | Became a worshipper of Gozag Ym Sagoz the Greedy
   216 | D        | Noticed an ice beast
   216 | D        | Noticed a two-headed ogre
   221 | D        | Reached XP level 5. HP: 52/52 MP: 4/4
   229 | D        | Killed a two-headed ogre
   229 | D        | Reached skill level 10 in Fighting
   229 | D        | Reached skill level 9 in Long Blades
   229 | D        | Reached skill level 5 in Dodging
   229 | D        | Reached skill level 10 in Shields
   229 | D        | Reached XP level 6. HP: 14/66 MP: 5/5
   229 | D        | Reached XP level 7. HP: 16/72 MP: 6/6
   415 | D        | Noticed a cyclops
   415 | D        | Noticed a cyclops
   415 | D        | Noticed a shadow
   417 | D        | Killed a shadow
   417 | D        | Reached skill level 10 in Long Blades
   417 | D        | Reached XP level 8. HP: 80/80 MP: 7/7
   429 | D        | Killed a cyclops
   429 | D        | Reached skill level 11 in Long Blades
   432 | D        | Killed a cyclops
   432 | D        | Reached skill level 12 in Long Blades
   613 | D        | Gained mutation: You are weak. (Str -2) [potion of
                  | mutation]
   613 | D        | Gained mutation: Your mind is acute. (Int +2) [potion of
                  | mutation]
   613 | D        | Gained mutation: You have supernaturally acute eyesight.
                  | (SInv) [potion of mutation]
   614 | D        | Noticed a blink frog
   614 | D        | Noticed a cane toad
   619 | D        | Noticed a boulder beetle
   626 | D        | Reached skill level 10 in Armour
   630 | D        | Reached XP level 9. HP: 89/89 MP: 8/8
   638 | D        | Noticed a komodo dragon
   648 | D        | Reached skill level 13 in Long Blades
   648 | D        | Reached skill level 1 in Stealth
   650 | D        | Killed a cane toad
   665 | D        | Killed a komodo dragon
   674 | D        | Killed a boulder beetle
   674 | D        | Reached skill level 14 in Long Blades
   871 | D        | Noticed a rime drake
   873 | D        | Noticed a rime drake
   879 | D        | Reached XP level 10. HP: 84/97 MP: 9/9
   890 | D        | Reached skill level 15 in Long Blades
  1158 | D        | Noticed a cane toad
  1160 | D        | Noticed a cane toad
  1164 | D        | Killed a cane toad
  1173 | D        | Killed a cane toad
  1173 | D        | Reached skill level 1 in Evocations
  1174 | D        | Reached skill level 16 in Long Blades
  1186 | D        | Reached skill level 10 in Dodging
  1461 | D        | Noticed Grum
  1462 | D        | Noticed Sonja
  1465 | D        | Reached skill level 5 in Stealth
  1472 | D        | Killed Grum
  1487 | D        | Killed Sonja
  1487 | D        | Reached skill level 15 in Shields
  1884 | D        | Noticed an orc knight
  1899 | D        | Killed an orc knight
  1899 | D        | Reached XP level 11. HP: 99/110 MP: 10/10
  1974 | D        | Noticed an orc knight
  1974 | D        | Noticed an orc knight
  1985 | D        | Killed an orc knight
  1991 | D        | Killed an orc knight
  2001 | D        | Noticed an orc knight
  2002 | D        | Reached skill level 17 in Long Blades
  2005 | D        | Noticed an orc sorcerer
  2030 | D        | Killed an orc knight
  2047 | D        | Killed an orc sorcerer
  2050 | D        | Reached skill level 15 in Fighting
  2238 | D        | Found Keqax's Armour Boutique.
  2238 | D        | Noticed an orc high priest
  2238 | D        | Noticed an orc high priest
  2238 | D        | Noticed an orc high priest
  2241 | D        | Noticed a soul eater
  2242 | D        | Noticed an orc high priest
  2244 | D        | Killed an orc high priest
  2262 | D        | Noticed a sun demon
  2263 | D        | Killed an orc high priest
  2487 | D        | Killed an orc high priest
  2550 | D        | Killed an orc high priest
  2593 | D        | Noticed an orc high priest
  2601 | D        | Killed an orc high priest
  2601 | D        | Reached skill level 18 in Long Blades
  2602 | D        | Found Losaill's Armour Shop.
  2606 | D        | Found Waixky's General Store.
  2610 | D        | Found Jinistapt's Gadget Shop.
  2612 | D        | Noticed an orc high priest
  2613 | D        | Noticed an orc high priest
  2615 | D        | Noticed an orc high priest
  2616 | D        | Noticed an orc high priest
  2619 | D        | Killed an orc high priest
  2629 | D        | Killed an orc high priest
  2638 | D        | Noticed a soul eater
  2641 | D        | Killed an orc high priest
  3069 | D        | Killed an orc high priest
  3069 | D        | Reached XP level 12. HP: 114/124 MP: 11/11
  3104 | D        | Bought a scroll of enchant weapon for 97 gold pieces
  3108 | D        | Bought a wand of acid (11) for 300 gold pieces
  3108 | D        | Bought a tin of tremorstones (3/3) for 400 gold pieces
  3122 | D        | Bought a +2 scale mail of poison resistance for 216 gold
                  | pieces
  3162 | D        | Noticed Erica
  3170 | D        | Killed Erica
  3195 | D        | Noticed Eustachio
  3212 | D        | Killed Eustachio
  3330 | D        | Noticed a fire dragon
  3330 | D        | Noticed a tengu warrior
  3343 | D        | Killed a tengu warrior
  3344 | D        | Noticed a vampire knight
  3521 | D        | Killed a fire dragon
  3521 | D        | Reached skill level 19 in Long Blades
  4003 | D        | Paralysed by a vampire knight for 7 turns
  4010 | D        | HP: 5/125 [vampire knight/+0 war axe (23)]
  4010 | D        | HP: 1/125 [vampire knight/+0 war axe (4)]
  4012 | D        | Demolished by a vampire knight

Illustrated notes

Levels and vault maps discovered:
D:        linesprint [early_d, line_temple, items_1, d_10, items_2, lair_1,
          lair_end, items_3, orc_1, orc_end, items_4, d_15, swamp_1, shoals_1,
          snake_1, spider_1, d_20, vaults_1, items_5, swamp_end, shoals_end,
          snake_end, spider_end, vaults_end, d_27, items_6, zot_1, zot_end,
          crypt_end, forest_end, elf_end, slime_end, tomb_end, abyss_end,
          pan_hell_end]

Skill      XL: |  1  2  3  4  5  6  7  8  9 10 11 12 |
---------------+-------------------------------------+-----
Fighting       | 4 6 7 10 11 12 14 16 17 | 17.2
Armour         | 4 6 9 10 11 | 11.8
Shields        | 4 7 10 11 12 13 15 17 | 17.4
Long Blades    | 4 9 10 12 14 16 18 19 | 19.0
Dodging        | 2 5 6 8 9 10 11 | 11.4
Stealth        | 3 5 7 |  7.4
Evocations     | 2 3 |  3.3

Action                   |  1- 3 |  4- 6 |  7- 9 | 10-12 || total
-------------------------+-------+-------+-------+-------++-------
Melee: Long sword        |    27 |       |       |       ||    27
       Headbutt          |     2 |     3 |    21 |    67 ||    93
       Scimitar          |       |    13 |    81 |   301 ||   395
Evoke: Wand              |       |       |     1 |     7 ||     8
  Use: Potion            |       |       |     5 |     1 ||     6
       Scroll            |       |       |       |     1 ||     1
 Stab: Distracted        |       |       |     3 |     5 ||     8
       Sleeping          |       |       |       |     1 ||     1
Armor: Scale mail        |    14 |       |       |    10 ||    24
       Ring mail         |       |     8 |     7 |    17 ||    32
Dodge: Dodged            |     7 |     7 |    20 |    68 ||   102
Block: Kite shield       |    20 |     8 |    25 |    85 ||   138
       Tower shield      |       |       |       |    30 ||    30
       Rpst.: Long sword |     2 |       |       |       ||     2
       Scimitar          |       |       |     6 |    17 ||    23

Table legend: (Time is in decaauts)
 A = Elapsed time spent in this place.
 B = Non-inter-level travel time spent in this place.
 C = Inter-level travel time spent in this place.
 D = Time resting spent in this place.
 E = Time spent auto-exploring this place.
 F = Levels seen in this place.
 G = Mean time per level.
                   A        B        C        D        E       F      G
               +--------+--------+--------+--------+--------+-----+--------+
         Total |   3927 |   3927 |      0 |   2074 |    407 |   1 | 3927.0 |
       Dungeon |   3927 |   3927 |      0 |   2074 |    407 |   1 | 3927.0 |
               +--------+--------+--------+--------+--------+-----+--------+

Top non-repeatable levels by time:
       D: 3927 daAuts
